 Dungeon Crawl Stone Soup version 0.17-a0-995-gb5fa8d7 (webtiles) character file.

63 Fluffy the Slasher (level 3, -2/29 HPs)
             Began as a Demonspawn Gladiator on May 12, 2015.
             Was an Initiate of Makhleb.
             Slain by a gnoll
             ... wielding a +0 whip
              (6 damage)
             ... on level 2 of the Dungeon.
             The game lasted 00:02:00 (1043 turns).

Fluffy the Slasher (Demonspawn Gladiator)           Turns: 1043, Time: 00:02:00

Health: -2/29      AC:  9    Str: 16    XL:     3   Next: 87%
Magic:  4/4        EV:  6    Int:  9    God:    Makhleb [......]
Gold:   10         SH:  0    Dex: 13    Spells: 0 memorised, 2 levels left

rFire  . . .     SeeInvis .     a - +0 long sword
rCold  . . .     Clarity  .     i - +0 chain mail
rNeg   . . .     SustAb   .     (no shield)
rPois  .         Gourm    .     c - +0 helmet
rElec  .         Spirit   .     (no cloak)
rCorr  .         Warding  .     (no gloves)
rMut   .         Stasis   .     (no boots)
MR     .....                    (no amulet)
Stlth  ..........               (no ring)
                                (no ring)

@: very heavily drained, not resistant to hostile enchantments, extremely
unstealthy
A: nightstalker 1
a: Renounce Religion


You were on level 2 of the Dungeon.
You worshipped Makhleb.
Makhleb was noncommittal.
You were not hungry.

You visited 1 branch of the dungeon, and saw 2 of its levels.

You collected 10 gold pieces.

Inventory:

Hand weapons
 a - a +0 long sword (weapon)
Missiles
 d - 3 throwing nets (quivered)
Armour
 c - a +0 helmet (worn)
 i - a +0 chain mail (worn)
Scrolls
 h - a scroll of fear {unknown}
 j - a scroll of teleportation {unknown}
Potions
 b - 2 potions of curing {unknown}
 g - 2 potions of magic {unknown}
Comestibles
 e - 2 bread rations
 f - a slice of pizza


   Skills:
 + Level 3.0(0.0) Fighting
 + Level 3.2(0.0) Long Blades
 - Level 1.7(0.0) Throwing
 + Level 1.0(0.0) Armour
 - Level 2.6(0.0) Dodging
 + Level 1.5(0.0) Invocations


You had 2 spell levels left.
You didn't know any spells.

Dungeon Overview and Level Annotations

Branches:
Dungeon (2/15)

Altars:
Makhleb
Xom


Innate Abilities, Weirdness & Mutations

You are slightly more attuned to the shadows.


Message History

Your chain mail prevents you from hitting the gnoll.
The gnoll is heavily wounded.
The gnoll barely misses you. The gnoll hits you but does no damage.
You hit the gnoll.
The gnoll is almost dead.
The gnoll hits you but does no damage. The gnoll barely misses you.
The gnoll hits you but does no damage.
You barely miss the gnoll.
The gnoll is almost dead.
The gnoll hits you from afar with a halberd!
The gnoll hits you with a whip.
You completely miss the gnoll.
The gnoll is almost dead.
The gnoll hits you from afar with a halberd.
The gnoll hits you with a whip.
* * * LOW HITPOINT WARNING * * *
You hit the gnoll but do no damage.
The gnoll is almost dead.
The gnoll barely misses you. The gnoll hits you with a whip.
You die...

g.. .# #.##.# #.#
#..... ... ##.#..#
#.# ...>.# #.#.
#.##.# #.#.# #.#
.####.##.# #.#.###
#.#
..........###.#[..#
#.#
####(....gg@......#
#.##
#.########.#...###..#
#. #.#.)###...# #.
#.#..##.._.# #
####.#........#
#.....)(......#
#.###########.# #.#
#†# #.# #.#


You could see 2 gnolls.

Vanquished Creatures
  Ijyb (D:2)
  A gnoll (D:2)
  An ooze (D:1)
  3 bats
  4 hobgoblins
  A kobold (D:1)
  2 giant cockroaches (D:1)
  3 giant newts
  2 goblins (D:1)
  A jackal (D:1)
  4 rats
23 creatures vanquished.

Notes
Turn   | Place    | Note
--------------------------------------------------------------
     0 | D:1      | Fluffy the Demonspawn Gladiator began the quest for the Orb.
     0 | D:1      | Reached XP level 1. HP: 16/16 MP: 1/1
   202 | D:1      | Found a shimmering altar of Xom.
   209 | D:1      | Gained mutation: You are slightly more attuned to the shadows. [demonic ancestry]
   209 | D:1      | Reached XP level 2. HP: 23/23 MP: 2/2
   309 | D:1      | Reached skill level 3 in Long Blades
   922 | D:2      | Found a burning altar of Makhleb.
   932 | D:2      | Became a worshipper of Makhleb the Destroyer
   968 | D:2      | Noticed Ijyb
  1012 | D:2      | Killed Ijyb
  1012 | D:2      | Reached skill level 1 in Armour
  1012 | D:2      | Reached skill level 1 in Invocations
  1012 | D:2      | Reached XP level 3. HP: 26/29 MP: 3/3
  1043 | D:2      | Slain by a gnoll

Vault maps used:
D:1:      tarquinn_simple_flora_water_a, st_stairs_10, hex_tiny,
          xom_teletrap_fun
D:2:      bloody_makhleb, uniq_iyjb, uniq_robin

Action                   || total
-------------------------++-------
Melee: Long sword        ||    99
  Eat: Chunk             ||     1
